 Dungeon Crawl Stone Soup version 0.22-a0-283-g1871b15 (webtiles) character file.

10 xccam the Cudgeler (level 2, 0/24 HPs)
             Began as a Demonspawn Berserker on Mar 17, 2018.
             Was a Follower of Trog.
             Slain by a bat (1 damage)
             ... on level 1 of the Dungeon on Mar 18, 2018.
             The game lasted 00:01:28 (861 turns).

xccam the Cudgeler (Demonspawn Berserker)            Turns: 861, Time: 00:01:29

Health: 0/24       AC:  2    Str: 17    XL:     2   Next: 10%
Magic:  2/2        EV: 12    Int:  8    God:    Trog [*.....]
Gold:   15         SH:  0    Dex: 12    Spells: 1/1 levels left

rFire    . . .     SeeInvis .   a - +0 mace
rCold    . . .     Gourm    .   (no shield)
rNeg     . . .     Faith    .   b - +0 animal skin
rPois    .         Spirit   .   (no helmet)
rElec    .         Reflect  .   (no cloak)
rCorr    .         Harm     .   (no gloves)
MR       .....                  (no boots)
Stlth    ++........             (no amulet)
HPRegen  0.08/turn              (no ring)
MPRegen  0.08/turn              (no ring)

@: no status effects
A: nightstalker 1
a: Berserk, Renounce Religion


You were on level 1 of the Dungeon.
You worshipped Trog.
Trog was aware of your devotion.
You were not hungry.

You visited 1 branch of the dungeon, and saw 1 of its levels.

You collected 15 gold pieces.

Inventory:

Hand Weapons
 a - a +0 mace (weapon)
Armour
 b - a +0 animal skin (worn)
Scrolls
 d - a scroll of fog {unknown}
 e - a scroll of remove curse {unknown}
 f - a scroll of fear {unknown}
 i - a scroll of blinking {unknown}
 j - a scroll of identify {unknown}
Potions
 g - a potion of might {unknown}
 h - a potion of flight {unknown}
 k - a potion of lignification {unknown}
Comestibles
 c - 2 rations


   Skills:
 - Level 3.0 Fighting
 + Level 3.3 Maces & Flails
 - Level 1.7 Armour
 - Level 1.7 Dodging


You had one spell level left.
You didn't know any spells.

Dungeon Overview and Level Annotations

Branches:
Dungeon (1/15)

Altars:


Innate Abilities, Weirdness & Mutations

You are slightly more attuned to the shadows.


Message History

The bat closely misses you. The bat hits you but does no damage.
The bat closely misses you. The bat hits you.
* * * LOW HITPOINT WARNING * * *
The bat barely misses you. The bat barely misses you.
The bat barely misses you. The bat hits you but does no damage.
The bat misses you. The bat misses you. The bat closely misses you.
The bat hits you but does no damage. The bat hits you but does no damage.
The bat hits you but does no damage. The bat hits you but does no damage.
The bat hits you.
* * * LOW HITPOINT WARNING * * *
The bat hits you.
You die...

....#...######## #.#
....+........... ....#...########
....#...# ####+###
....#...########.......
....+..........+.......
....#.[.########.......
....................... .####
###............b@...... ....(
########..........#+#############
..................# #...........
.######.........### #.....######
##.......)......[.. #.....+.....
.##.###.#.############.....######
..+# #.#.########...'...).+.....
...## #.#......[....##.....######
....###.########....##.....# #


You could see a bat.

Vanquished Creatures
  A leopard gecko (D:1)
  A ball python (D:1)
  3 goblins (D:1)
  2 hobgoblins (D:1)
  A rat (D:1)
8 creatures vanquished.

Notes
Turn   | Place    | Note
-------+----------+-------------------------------------------
     0 | D:1      | xccam the Demonspawn Berserker began the quest for the Orb.
     0 | D:1      | Reached XP level 1. HP: 18/18 MP: 1/1
   494 | D:1      | Gained mutation: You are slightly more attuned to the shadows. [demonic ancestry]
   494 | D:1      | Reached XP level 2. HP: 9/24 MP: 2/2
   606 | D:1      | Upgraded the game from 0.22-a0-280-g69bf1f3 to 0.22-a0-283-g1871b15
   848 | D:1      | HP: 1/24 [bat (1)]
   860 | D:1      | HP: 1/24 [bat (1)]
   861 | D:1      | Slain by a bat

Vault maps used:
D:1:      lemuel_arrival_rhombus, nrook_mini_vaults

Skill      XL: |  1 |
---------------+----+-----
Maces & Flails | 3 |  3.3
Fighting       | |  3.0
Armour         | |  1.7
Dodging        | |  1.7

Action                   || total
-------------------------++-------
Melee: Mace              ||    29
Armor: Animal skin       ||    72
Dodge: Dodged            ||   160

Table legend:
 A = Spawn XP
 B = Non-spawn XP
 C = Spawn XP percentage of total XP
 D = Spawn monster count
 E = Non-spawn monster count
 F = Spawn count percentage of total count
 G = Total turns spent on level
                    A         B        C        D         E        F      G
               +---------+---------+-------+---------+---------+-------+---------
         Total |       0 |      15 |   0.0 |       0 |       8 |   0.0 |   861
               +---------+---------+-------+---------+---------+-------+---------
           D:1 |       0 |      15 |   0.0 |       0 |       8 |   0.0 |   861
               +---------+---------+-------+---------+---------+-------+---------
